 Dungeon Crawl Stone Soup version 0.31.0 (webtiles) character file.

Game seed: 3921467173156742876

247 Jason515 the Magician (level 6, 0/43 HPs)
             Began as a Djinni Necromancer on Jan 20, 2024.
             Slain by an orc wizard
             ... wielding a +0 dagger
              (3 damage)
             ... on level 4 of the Dungeon.
             The game lasted 00:15:21 (944 turns).

Jason515 the Magician (Djinni Necromancer)           Turns: 944, Time: 00:15:21

Health: 0/43       AC:  2    Str:  7    XL:     6   Next: 34%
Gold:   27         EV: 13    Int: 16    God:
                   SH:  0    Dex: 16

rFire   + + .        c - +2 dagger (distort)
rCold   x . .        (no shield)
rNeg    . . .        a - +0 robe
rPois   ∞            (no helmet)
rElec   .            (no cloak)
rCorr   .            (no gloves)
SInv    .            (boots unavailable)
Will    .....        (no amulet)
Stlth   ++           (no ring)
HPRegen 0.27/turn    (no ring)
MPRegen 0.00/turn

%: infuse magic (-1 HP)
@: flying, hasted, very quick
A: sickness immunity, fire resistance 2, cold vulnerability 1, float, innate
caster, HP casting, extra vitality 1
a: no special abilities


You were on level 4 of the Dungeon.
You visited 1 branch of the dungeon, and saw 4 of its levels.
You also visited: Sewer.

You collected 27 gold pieces.

Inventory:

Hand Weapons
 c - a +2 dagger of distortion (weapon)
Armour
 a - a +0 robe (worn)
Scrolls
 d - 4 scrolls of silence {unknown}
Potions
 b - a potion of degeneration {unknown}
 e - a potion of invisibility {unknown}
 f - a potion of magic {unknown}
 h - a potion of mutation {unknown}
 i - a potion of brilliance {unknown}


   Skills:
 + Level 1.8 Fighting
 + Level 3.8 Dodging
 + Level 2.8 Stealth
 + Level 4.5 Spellcasting
 + Level 4.5 Conjurations
 + Level 4.5 Hexes
 + Level 4.5 Summonings
 + Level 4.5 Necromancy
 + Level 4.5 Translocations
 + Level 4.5 Fire Magic
 + Level 4.5 Ice Magic
 + Level 4.5 Air Magic
 + Level 4.5 Earth Magic
 + Level 4.5 Alchemy


You knew the following spells:

 Your Spells              Type           Power      Damage    Failure   Level
a - Necrotise             Necr           72%        1d7       2%          1
b - Vampiric Draining     Necr           18%        2d7       8%          3
c - Animate Dead          Necr           18%        N/A       24%         4
d - Curse of Agony        Necr           18%        N/A       56%         5
e - Sting                 Conj/Alch      72%        1d7       2%          1
f - Mercury Vapours       Alch/Air       36%        N/A       3%          2
Your spell library was empty.

Dungeon Overview and Level Annotations

Branches:
Dungeon (4/15)              Sewer (visited)
 Temple: D:4-7

Altars:
Gozag
Okawaru

Annotations:
D:4 Robin


Innate Abilities, Weirdness & Mutations

You are immune to sickness and miasma.
You are immune to poison.
Your flesh is very heat resistant. (rF++)
You are vulnerable to cold. (rC-)
You float through the air rather than walking.
You learn spells naturally, not from books.
Your magical power is your life essence.
You have superior vitality. (+4 MHP)


Message History

Press: ? - help, Shift-Dir - straight line, f - goblin
Aim: a goblin, wielding a +0 dagger (strong, chance to affect: 88%)
The goblin writhes in agony.
You kill the goblin!
Something hits you.
Casting: Necrotise (safe; 2% risk of failure)
Confirm with . or Enter, or press ? or * to list all spells.
Aiming: Necrotise (safe; 2% risk of failure)
Press: ? - help, Shift-Dir - straight line, f - Robin
Aim: Robin, wielding a +0 mace, wearing a +1 animal skin and wearing a +0 helmet (chance to affect: 83%) Robin writhes in agony.
Something hits you.
A goblin comes into view. It is wielding a +0 club.
Casting: Necrotise (safe; 2% risk of failure)
Confirm with . or Enter, or press ? or * to list all spells.
Aiming: Necrotise (safe; 2% risk of failure)
Press: ? - help, Shift-Dir - straight line, f/p - Robin
Aim: Robin, wielding a +0 mace, wearing a +1 animal skin and wearing a +0 helmet (moderately wounded, chance to affect: 83%) Robin barely resists.
Something hits you but does no damage.
A hobgoblin comes into view.
Robin hits you with a +0 mace!
A goblin comes into view. It is wielding a +0 club.
Something hits you.
* * * LOW HITPOINT WARNING * * *
Robin completely misses you. The goblin attacks as it pursues you!
The goblin hits you but does no damage.
You hit Robin but do no damage.
Space warps around Robin.
Robin is heavily wounded.
The goblin hits you with a +0 club.
* * * LOW HITPOINT WARNING * * *
Something hits you.
* * * LOW HITPOINT WARNING * * *
The orc hits you with a +0 hand axe.
* * * LOW HITPOINT WARNING * * *
Your goblin skeleton barely misses the goblin.
It was a potion of haste.
You feel yourself speed up.
The goblin no longer looks unusually strong.
The goblin hits you with a +0 club.
* * * LOW HITPOINT WARNING * * *
Something hits you.
You die...

.. ... ...#
#######..#
#...#...#
##.).....##.
#..)..g)....
##.og.Z##...
##@gg..# .
#.gg.g#
##g..)..#
........#
#.......#
.........
....#....
..##...


You could see Robin (ally target), an orc, 2 hobgoblins, 5 goblins and a
friendly goblin skeleton.

Vanquished Creatures
  A kobold brigand (Sewer)
  A bombardier beetle (D:3)
  2 adders (D:2)
  An orc (D:4)
  7 ball pythons
  2 bats
  2 endoplasms (Sewer)
  4 giant cockroaches
  5 goblins
  2 hobgoblins
  3 jackals (D:4)
  11 kobolds
  2 rats
43 creatures vanquished.

Vanquished Creatures (collateral kills)
  A jackal (D:4)
  A kobold (D:2)
2 creatures vanquished.

Vanquished Creatures (others)
  A goblin (D:4)
1 creature vanquished.

Grand Total: 46 creatures vanquished

Notes
Turn   | Place    | Note
-------+----------+-------------------------------------------
     0 | D:1      | Jason515 the Djinni Necromancer began the quest for the
                  | Orb.
     0 | D:1      | Jason515 set off with the following spells memorised:
                  | Necrotise, Vampiric Draining, Animate Dead, Curse of Agony.
     0 | D:1      | Reached XP level 1. HP: 15/15 MP: 0/0
   129 | D:1      | Reached XP level 2. HP: 15/21 MP: 0/0
   329 | D:2      | Reached XP level 3. HP: 25/25 MP: 0/0
   329 | D:2      | Learned a level 1 spell: Sting
   354 | D:2      | Found an opulent altar of Gozag.
   428 | D:3      | Found an iron altar of Okawaru.
   441 | D:3      | Reached XP level 4. HP: 28/31 MP: 0/0
   469 | D:3      | Found a glowing drain.
   493 | Sewer    | Entered a sewer
   590 | Sewer    | Noticed a kobold brigand
   604 | Sewer    | Killed a kobold brigand
   605 | Sewer    | Reached skill level 1 in Fighting
   605 | Sewer    | Reached XP level 5. HP: 13/37 MP: 0/0
   605 | Sewer    | Learned a level 2 spell: Mercury Vapours
   737 | Sewer    | Noticed a kobold brigand
   741 | Sewer    | Banished a kobold brigand
   742 | Sewer    | Reached XP level 6. HP: 43/43 MP: 0/0
   931 | D:4      | Noticed Robin
   944 | D:4      | Slain by an orc wizard

Illustrated notes

Levels and vault maps discovered:
D:1:      lightli_arrival_farm, layout_basic
D:2:      layout_loops_cross, serial_shops, shop_fountains, basic_altar,
          minmay_fountain_box, minmay_misc_feat_four_crosses,
          serial_bayou_lagoon_b
D:3:      minmay_door_path, layout_rooms, lemuel_coloured_pillars_altar,
          okawaru_gym_becter, cheibrodos_sewer_entry_drain, roderic_lattice_a,
          serial_bayou_pond_d, minmay_misc_feat_rugged, grunt_decor_junction,
          hangedman_decor_points, minmay_surrounded, uniq_terence
D:4:      layout_cave_pools, grunt_gozag_breadcrumbs, serial_glass,
          glass_columns_b, glass_columns_c, gammafunk_ghost_icy, uniq_natasha,
          uniq_robin

Skill      XL: |  1  2  3  4 |
---------------+-------------+-----
Stealth        | 2 |  2.8
Dodging        | 3 |  3.8
Spellcasting   | 4 |  4.5
Conjurations   | 4 |  4.5
Hexes          | 4 |  4.5
Summonings     | 4 |  4.5
Necromancy     | 4 |  4.5
Translocations | 4 |  4.5
Fire Magic     | 4 |  4.5
Ice Magic      | 4 |  4.5
Air Magic      | 4 |  4.5
Earth Magic    | 4 |  4.5
Alchemy        | 4 |  4.5
Fighting       | 1 |  1.8

Action                     |  1- 3 |  4- 6 || total
---------------------------+-------+-------++-------
  Melee: Dagger            |    14 |    77 ||    91
         Punch             |       |     2 ||     2
   Cast: Necrotise         |    30 |    28 ||    58
         Sting             |     3 |     1 ||     4
         Vampiric Draining |       |     3 ||     3
         Mercury Vapours   |       |     1 ||     1
    Use: Potion            |       |     1 ||     1
   Stab: Sleeping          |       |     1 ||     1
 Armour: Robe              |     6 |    47 ||    53
  Dodge: Dodged            |     8 |    32 ||    40
